 Dungeon Crawl Stone Soup version 0.28-a0-1213-g0243856f03 (webtiles) character file.

Game seed: 5821251833192042892

105 opoi33 the Skirmisher (level 4, -4/29 HPs)
             Began as a Gargoyle Berserker on Dec 21, 2021.
             Was a Follower of Trog.
             Killed from afar by an orc wizard (6 damage)
             ... with a puff of flame
             ... on level 3 of the Dungeon.
             The game lasted 00:12:08 (2764 turns).

opoi33 the Skirmisher (Gargoyle Berserker)          Turns: 2764, Time: 00:12:11

Health: -4/29      AC: 10    Str: 22    XL:     4   Next: 81%
Magic:  4/4        EV: 10    Int:  8    God:    Trog [*.....]
Gold:   87         SH:  0    Dex:  9    Spells: 3/3 levels left

rFire   . . .      SeeInvis .   a - +0 hand axe
rCold   . . .      Faith    .   (no shield)
rNeg    + . .      Spirit   .   l - +0 scale mail
rPois   ∞          Reflect  .   (no helmet)
rElec   +          Harm     .   (no cloak)
rCorr   .          Rampage  .   (no gloves)
Will    .....                   (no boots)
Stlth   ..........              (no amulet)
HPRegen 0.09/turn               (no ring)
MPRegen 0.09/turn               (no ring)

@: no status effects
A: sickness immunity, AC +3, negative energy resistance 1, electricity
resistance, torment resistance 1, petrification resistance
a: Renounce Religion, Berserk


You were on level 3 of the Dungeon.
You worshipped Trog.
Trog was aware of your devotion.
You visited 1 branch of the dungeon, and saw 4 of its levels.

You collected 87 gold pieces.

Inventory:

Hand Weapons
 a - a +0 hand axe (weapon)
 i - a +0 hunting sling
Missiles
 d - 84 stones (quivered)
Armour
 e - a +0 ring mail
 l - a +0 scale mail (worn)
 n - a +0 robe
Magical Staves
 j - a staff of conjuration
Scrolls
 b - 2 scrolls of enchant armour {unknown}
 f - a scroll of identify {unknown}
 k - a scroll of teleportation {unknown}
Potions
 c - a potion of heal wounds {unknown}
 g - 2 potions of resistance {unknown}
 h - 2 potions of berserk rage {unknown}
 m - a potion of curing {unknown}


   Skills:
 + Level 4.0 Fighting
 * Level 4.0 Axes
 + Level 3.2 Armour
 - Level 1.5 Dodging


You had 3 spell levels left.
You didn't know any spells.
Your spell library contained the following spells:

 Spells                   Type           Power      Damage    Failure   Level
 Sting                    Tmut/Pois      0%         1d3       75%         1
 Poisonous Vapours        Pois/Air       0%         N/A       86%         2
 Olgreb's Toxic Radiance  Pois           0%         N/A       100%        4


Dungeon Overview and Level Annotations

Branches:
Dungeon (4/15)
 Temple: D:4-7

Altars:


Innate Abilities, Weirdness & Mutations

You are immune to sickness and miasma.
Your stone body is resilient. (AC +3)
You are immune to poison.
You resist negative energy. (rN+)
You are resistant to electric shocks. (rElec)
You are resistant to unholy torment.
You are immune to petrification.


Message History

The orc is almost dead.
You closely miss the hobgoblin. The orc closely misses you.
The hobgoblin barely misses you.
You closely miss the orc.
The orc is almost dead.
You hit the hobgoblin. The orc barely misses you. The hobgoblin misses you.
The orc priest calls down the wrath of Beogh upon you.
Beogh smites you!
* * * LOW HITPOINT WARNING * * *
You hit the orc.
You kill the orc!
Trog accepts your kill.
You hit the hobgoblin.
You kill the hobgoblin!
Trog accepts your kill.
You hear some strange, mumbled words.
Something tries to affect you, but you resist.
You see here a +0 spear.
You hear some strange, mumbled words.
You are confused.
Something hits you but does no damage.
You barely miss the orc priest. You miss something.
You hear some strange, mumbled words.
A puff of flame appears from out of thin air!
The puff of flame hits you but does no damage.
The orc priest hits you but does no damage.
You hit the orc priest.
The orc priest is moderately wounded.
You closely miss something. Something hits you.
* * * LOW HITPOINT WARNING * * *
The orc priest hits you with a +0 mace.
* * * LOW HITPOINT WARNING * * *
You closely miss the orc priest.
The orc priest is moderately wounded.
You hit something.
You feel less confused.
You hear some strange, mumbled words.
A puff of flame appears from out of thin air!
The puff of flame hits you.
You die...

####..........#
..............#
..............#
.........#
###....<###
####....#
.######..).#
...........#
#..######o@..#
#........{...#
#.####..>)...#
.........#.##
.###...†)#.#
#...#.#.#
#.......#
#.##...## ...
.....


You could see an orc priest.

Vanquished Creatures
  Jessica (D:3)
  2 adders
  A gnoll (D:3)
  2 worms (D:2)
  A dart slug (D:1)
  2 orcs (D:3)
  4 ball pythons
  A bat (D:1)
  An endoplasm (D:1)
  A giant cockroach (D:2)
  A goblin (D:2)
  4 hobgoblins
  4 jackals (D:2)
  4 kobolds
  3 quokkas
  4 frilled lizards
  6 rats
42 creatures vanquished.

Notes
Turn   | Place    | Note
-------+----------+-------------------------------------------
     0 | D:1      | opoi33 the Gargoyle Berserker began the quest for the Orb.
     0 | D:1      | Reached XP level 1. HP: 14/14 MP: 1/1
   311 | D:1      | Reached XP level 2. HP: 12/19 MP: 2/2
   972 | D:1      | Found a faded altar of an unknown god.
  1318 | D:2      | Reached XP level 3. HP: 23/23 MP: 3/3
  1970 | D:3      | Noticed Jessica
  1983 | D:3      | Killed Jessica
  1984 | D:3      | Reached XP level 4. HP: 23/29 MP: 4/4
  2764 | D:3      | Killed from afar by an orc wizard

Illustrated notes

Levels and vault maps discovered:
D:1:      psy_arrival_terrarium, layout_basic, ebering_ecumenical_altar_rust
D:2:      layout_basic, kennysheep_generic_room_5
D:3:      layout_basic, uniq_jessica
D:4:      layout_basic, minmay_temple_entry_junction, roderic_serpentine_path

Skill      XL: |  1  2  3  4 |
---------------+-------------+-----
Axes           | 3 4 |  4.0
Armour         | 3 |  3.2
Fighting       | 4 |  4.0
Dodging        | |  1.5

Action                   |  1- 3 |  4- 6 || total
-------------------------+-------+-------++-------
Melee: Hand axe          |    97 |    30 ||   127
Invok: Berserk           |     4 |     1 ||     5
Armor: Leather armour    |    40 |       ||    40
       Animal skin       |     2 |       ||     2
       Scale mail        |    11 |    25 ||    36
Dodge: Dodged            |    73 |    27 ||   100

Table legend: (Time is in decaauts)
 A = Elapsed time spent in this place.
 B = Non-inter-level travel time spent in this place.
 C = Inter-level travel time spent in this place.
 D = Time resting spent in this place.
 E = Time spent auto-exploring this place.
 F = Levels seen in this place.
 G = Mean time per level.
                   A        B        C        D        E       F      G
               +--------+--------+--------+--------+--------+-----+--------+
         Total |   2838 |   2838 |      0 |    913 |    609 |   4 |  709.5 |
       Dungeon |   2838 |   2838 |      0 |    913 |    609 |   4 |  709.5 |
               +--------+--------+--------+--------+--------+-----+--------+

Top non-repeatable levels by time:
     D:1: 1272 daAuts
     D:3: 808 daAuts
     D:2: 728 daAuts
     D:4: 28 daAuts
